 Dungeon Crawl Stone Soup version 0.31-a0-230-g09eb5fc4d3 (webtiles) character file.

Game seed: 13242551468832475865

52 qw the Shooter (level 3, -2/29 HPs)
             Began as a Minotaur Hexslinger on July 6, 2023.
             Slain by an orc wizard
             ... wielding a +0 dagger
              (3 damage)
             ... on level 3 of the Dungeon.
             The game lasted 00:00:30 (1366 turns).

qw the Shooter (Minotaur Hexslinger)                Turns: 1366, Time: 00:00:31

Health: -2/29      AC:  3    Str: 12    XL:     3   Next: 60%
Magic:  3/3        EV: 12    Int: 10    God:
Gold:   73         SH:  0    Dex: 14    Spells: 3/4 levels left

rFire   + + .        Y - +1 sling
rCold   . . .        (no shield)
rNeg    . . .        g - +0 leather armour
rPois   .            (helmet restricted)
rElec   .            (no cloak)
rCorr   .            (no gloves)
SInv    .            (no boots)
Will    .....        (no amulet)
Stlth   +            k - ring of protection from fire
HPRegen 0.24/turn    e - ring of protection from fire
MPRegen 0.08/turn

%: no passive effects
@: no status effects
A: horns 2, retaliatory headbutt
a: no special abilities


You were on level 3 of the Dungeon.
You visited 1 branch of the dungeon, and saw 3 of its levels.

You collected 73 gold pieces.


Innate Abilities, Weirdness & Mutations

You have a pair of horns on your head.
You reflexively headbutt those who attack you in melee.


   Skills:
 - Level 2.0 Fighting
 + Level 4.2 Ranged Weapons
 - Level 2.1 Dodging
 - Level 1.0 Spellcasting
 - Level 2.0 Hexes


You had 3 spell levels left.
You knew the following spells:

 Your Spells              Type           Power      Damage    Failure   Level
a - Slow                  Hex            16%        N/A       19%         1

Your spell library contained the following spells:

 Spells                   Type           Power      Damage    Failure   Level
 Inner Flame              Hex/Fire       2%         N/A       65%         3
 Portal Projectile        Hex/Tloc       4%         N/A       65%         3
 Cause Fear               Hex            2%         N/A       88%         4

Inventory:

Hand Weapons
 Y - a +1 sling (weapon)
Armour
 g - a +0 leather armour (worn)
Jewellery
 e - a ring of protection from fire (right hand)
 k - a ring of protection from fire (left hand)
Scrolls
 a - 3 scrolls of identify
 b - a scroll of silence {unknown}
Potions
 c - a potion of haste {unknown}
 d - a potion of enlightenment
 f - a potion of attraction {unknown}
 h - a potion of berserk rage {unknown}
 i - a potion of resistance {unknown}
 j - a potion of curing {unknown}

Dungeon Overview and Level Annotations

Branches:
Dungeon (3/15)

Altars:
Wu Jian


Message History

The sling bullet barely misses the orc wizard.
The orc wizard completely misses you.
You shoot a sling bullet. The sling bullet hits the orc.
The orc is lightly wounded.
The orc closely misses you.
You shoot a sling bullet. The sling bullet hits the orc.
The orc is moderately wounded.
The orc wizard mumbles some strange words.
The orc wizard flickers and vanishes!
Deactivating autopickup; reactivate with Ctrl-A.
The orc closely misses you.
You shoot a sling bullet. The sling bullet hits the orc.
You kill the orc!
The orc wizard casts a spell at you. You resist with significant effort.
You shoot a sling bullet.
The sling bullet barely misses the orc wizard.
Something hits you but does no damage.
The orc wizard hits you with a +0 dagger.
You shoot a sling bullet.
The sling bullet barely misses the orc wizard.
Something hits you but does no damage.
An orc comes into view. It is wielding a +0 whip.
The orc wizard hits you with a +0 dagger.
Something hits you.
You shoot a sling bullet.
The sling bullet closely misses the orc wizard.
You hear some strange, mumbled words.
A magic dart appears from out of thin air!
The magic dart hits you!
The orc wizard hits you with a +0 dagger.
The orc hits you with a +0 short sword.
You shoot a sling bullet.
The sling bullet barely misses the orc wizard.
Something hits you.
The orc wizard gestures wildly while chanting.
The orc wizard flickers and vanishes!
The orc hits you with a +0 short sword.
You shoot a sling bullet. The sling bullet barely misses the orc.
Something hits you. x2
You die...

##...######7.7
...........7.7 o#
#........##7.7# o#
#.#.#.##.# #..# o#
#.###.# .###.# o#
......#.. # #.# .#
#.#####...###.# .#
#.# .........####.#
..# ...........@{o#
###
...........{o.......
##...###############
#... #.. ##


You could see 2 orcs.

Vanquished Creatures
  An adder (D:2)
  2 dart slugs
  An orc (D:3)
  2 endoplasms (D:1)
  2 giant cockroaches
  4 goblins
  4 hobgoblins
  4 ball pythons
  9 bats
  5 frilled lizards
  A kobold (D:1)
  4 rats (D:1)
39 creatures vanquished.

Notes
Turn   | Place    | Note
-------+----------+-------------------------------------------
     0 | D:1      | qw the Minotaur Hexslinger began the quest for the Orb.
     0 | D:1      | Reached XP level 1. HP: 16/16 MP: 1/1
     0 | D:1      | 0 ||| qw: Version: 0.3-a-46-gb1f654a
     0 | D:1      | 0 ||| qw: Game counter: 1813
     0 | D:1      | 0 ||| qw: Melee chars always use a shield: true
     0 | D:1      | 0 ||| qw: God list: Okawaru
     0 | D:1      | 0 ||| qw: Allow faded altars: false
     0 | D:1      | 0 ||| qw: Do Orc after clearing Dungeon:15 true
     0 | D:1      | 0 ||| qw: Do second Lair branch before Depths: true
     0 | D:1      | 0 ||| qw: Lair rune preference: random
     0 | D:1      | 0 ||| qw: Goals: Normal
     0 | D:1      | 0 ||| PLANNING D:1-11
    63 | D:1      | Reached skill level 3 in Ranged Weapons
    63 | D:1      | Reached XP level 2. HP: 23/23 MP: 2/2
   522 | D:1      | Found a faded altar of an unknown god.
   588 | D:1      | 588 ||| UPGRADING to ring of protection from fire.
   589 | D:1      | 589 ||| READING scroll labelled PUWAIS ZOHICVO.
   590 | D:1      | 590 ||| READING scroll labelled LUTSEDU BEUBB.
   591 | D:1      | 591 ||| READING scroll labelled XIJ MIZXIO.
   592 | D:1      | 592 ||| DROPPING scroll of poison.
   629 | D:2      | Reached XP level 3. HP: 29/29 MP: 3/3
   905 | D:2      | Reached skill level 4 in Ranged Weapons
  1013 | D:2      | Found an ornate altar of the Wu Jian Council.
  1239 | D:2      | 1239 ||| UPGRADING to +0 leather armour.
  1249 | D:2      | 1249 ||| DROPPING +0 robe.
  1250 | D:2      | 1250 ||| UPGRADING to ring of protection from fire.
  1251 | D:2      | 1251 ||| READING scroll labelled YSAJISEMEO.
  1254 | D:2      | 1254 ||| READING 2 scrolls of identify.
  1254 | D:2      | 1254 ||| IDENTIFYING purple potion
  1353 | D:3      | 1353 ||| Stepping ~*~*~tactically~*~*~ (outnumbered).
  1365 | D:3      | HP: 7/29 [something (4)]
  1366 | D:3      | HP: 1/29 [something (3)]
  1366 | D:3      | Slain by an orc wizard

Levels and vault maps discovered:
D:1:      noname_arrival_rooms_in_the_neighbourhood, layout_basic,
          shapermc_ecumenical_altar_starsandcircs
D:2:      layout_basic, basic_altar
D:3:      layout_loops_ring, serial_forest, infiniplex_forest_clump_small,
          infiniplex_forest_clump_cross, infiniplex_forest_straight_5,
          infiniplex_forest_straight_2, infiniplex_forest_join,
          infiniplex_forest_lined_corner, infiniplex_forest_straight_3,
          infiniplex_forest_lined_3

Skill      XL: |  1  2  3 |
---------------+----------+-----
Ranged Weapons | 3 4 |  4.2
Fighting       | 2 |  2.0
Dodging        | |  2.1
Spellcasting   | |  1.0
Hexes          | |  2.0

Action                     || total
---------------------------++-------
   Fire: Sling             ||   102
    Use: Scroll            ||     5
 Armour: Robe              ||     7
         Leather armour    ||     3
  Dodge: Dodged            ||    21

Table legend:
 A = Non-vault XP
 B = Vault XP
 C = Vault XP percentage of total XP
 D = Non-vault monster count
 E = Vault monster count
 F = Vault count percentage of total count
                 A         B        C        D         E       F
            +---------+---------+-------+---------+---------+-------
      Total |      75 |       0 |   0.0 |      39 |       0 |   0.0
            +---------+---------+-------+---------+---------+-------
        D:1 |      37 |       0 |   0.0 |      25 |       0 |   0.0
        D:2 |      35 |       0 |   0.0 |      13 |       0 |   0.0
        D:3 |       3 |       0 |   0.0 |       1 |       0 |   0.0
            +---------+---------+-------+---------+---------+-------
